 Dungeon Crawl Stone Soup version 0.29.1-15-g9cfb28693d (webtiles) character file.

Game seed: 397409701678407981

86986 Ijustatesigmund the Gargoyle Aeon (level 15, -11/92 HPs)
             Began as a Gargoyle Earth Elementalist on Apr 28, 2023.
             Was the Champion of Cheibriados.
             Hit by a javelin thrown by a merfolk javelineer (22 damage)
             ... on level 1 of the Shoals.
             The game lasted 01:24:30 (35533 turns).

Ijustatesigmund the Gargoyle Aeon (GrEE)           Turns: 35533, Time: 01:24:31

Health: -11/92     AC: 29    Str: 28    XL:     15   Next: 89%
Magic:  16/30      EV: 16    Int: 39    God:    Cheibriados [******]
Gold:   1563       SH: 17    Dex: 34    Spells: 21/37 levels left

rFire   . . .      SeeInvis +   c - +2 eveningstar (holy)
rCold   . . .      Faith    .   J - +2 kite shield {rC+}
rNeg    + . .      Spirit   .   a - +0 acid dragon scales
rPois   ∞          Reflect  .   g - +3 crown of Dyrovepreva {rElec Int+2 SInv}
rElec   +          Harm     .   (no cloak)
rCorr   +          Rampage  .   b - +0 pair of gloves
Will    +....                   y - +2 pair of boots of Majestic Lucidity {rC- Regen+ Dex+3}
Stlth   +++.......              m - amulet of the acrobat
HPRegen 1.05/turn               s - +6 ring of dexterity
MPRegen 0.22/turn               V - +4 ring of protection

@: about to teleport, spiked, flying, very slow
A: sickness immunity, AC +11, big wings, negative energy resistance 1,
electricity resistance, torment resistance 1, petrification resistance
a: Renounce Religion, Bend Time, Temporal Distortion, Slouch, Step From Time


You were on level 1 of the Shoals.
You worshipped Cheibriados.
Cheibriados was exalted by your worship.
You visited 5 branches of the dungeon, and saw 24 of its levels.
You also visited: Ice Cave.

You collected 2370 gold pieces.
You spent 807 gold pieces at shops.

Inventory:

Hand Weapons
 c - a +2 eveningstar of holy wrath (weapon)
 t - a +3 flail of venom
 Q - the +8 lajatang "Vurainur" {flame, Fly rElec rF+ Int+2}
   (You found it in an ice cave)

   It burns those it strikes, dealing additional fire damage.
   Big, fiery blades are also staple armaments of hydra-hunters.
   Int:       It affects your intelligence (+2).
   rF:        It protects you from fire.
   rElec:     It insulates you from electricity.
   Fly:       It grants you flight.
Missiles
 e - 2 throwing nets
Armour
 a - +0 acid dragon scales (worn)
 b - a +0 pair of gloves (worn)
 d - a +2 buckler of poison resistance
 g - the +3 crown of Dyrovepreva (worn) {rElec Int+2 SInv}
   (You found it on level 6 of the Dungeon)

   Int:       It affects your intelligence (+2).
   rElec:     It insulates you from electricity.
   SInv:      It lets you see invisible.
 y - the +2 pair of boots of Majestic Lucidity (worn) {rC- Regen+ Dex+3}
   (You acquired it on level 7 of the Dungeon)

   Dex:       It affects your dexterity (+3).
   rC:        It makes you vulnerable to cold.
   Regen:     It increases your rate of health regeneration.
 J - a +2 kite shield of cold resistance (worn)
Magical Staves
 A - a staff of conjuration
Jewellery
 m - an amulet of the acrobat (around neck)
 r - the ring of the Rabble {Fly rN+ Dex+4}
   (You found it on level 15 of the Dungeon)

   [ring of positive energy]

   Dex:       It affects your dexterity (+4).
   rN:        It protects you from negative energy.
   Fly:       It grants you flight.
 s - a +6 ring of dexterity (left hand)
 I - a ring of protection from cold
 K - a ring of willpower
 O - a ring of protection from cold
 P - a ring of protection from fire
 S - a ring of protection from fire
 T - an amulet of magic regeneration
 V - a +4 ring of protection (right hand)
Wands
 n - a wand of digging (1)
 o - a wand of polymorph (20)
 q - a wand of iceblast (14)
 x - a wand of flame (9)
 H - a wand of paralysis (1)
 L - a wand of quicksilver (2)
Scrolls
 i - a scroll of summoning
 l - 8 scrolls of teleportation
 w - 2 scrolls of brand weapon
 z - 6 scrolls of poison
 B - 2 scrolls of immolation
 E - 6 scrolls of fog
 N - 11 scrolls of identify
 R - a scroll of blinking
 U - 2 scrolls of magic mapping
 W - a scroll of silence
Potions
 f - 3 potions of lignification
 h - 4 potions of cancellation
 j - 8 potions of haste
 k - 9 potions of curing
 p - 3 potions of might
 u - 4 potions of mutation
 v - 2 potions of ambrosia
 C - 2 potions of flight
 D - 2 potions of attraction
 F - a potion of resistance
 G - a potion of brilliance
 M - 3 potions of magic


   Skills:
 + Level 9.7 Fighting
 - Level 7.6 Maces & Flails
 - Level 3.7 Armour
 - Level 5.4 Dodging
 - Level 2.1 Stealth
 - Level 7.8 Shields
 + Level 11.8 Spellcasting
 + Level 12.3 Conjurations
 - Level 4.3 Translocations
 - Level 0.7 Transmutations
 - Level 9.3 Earth Magic
 + Level 15.0 Invocations
 - Level 3.1 Evocations


You had 21 spell levels left.
You knew the following spells:

 Your Spells              Type           Power      Damage    Failure   Level
a - Sandblast             Erth           100%       2d20      1%          1
b - Stone Arrow           Conj/Erth      100%       3d13      1%          3
c - Iskenderun's Mystic   Conj/Tloc      73%        2d15      1%          4
d - Apportation           Tloc           100%       N/A       1%          1
e - Orb of Destruction    Conj           44%        9d12      26%         7

Your spell library contained the following spells:

 Spells                   Type           Power      Damage    Failure   Level
 Magic Dart               Conj           100%       1d8       1%          1
 Passwall                 Tmut/Erth      48%        N/A       1%          2
 Searing Ray              Conj           100%       2d8       1%          2
 Lee's Rapid Deconstruct  Erth           38%        3d20*     2%          5
 Fulminant Prism          Conj/Hex       31%        3d16      3%          4
 Necrotise                Necr           92%        1d8       4%          1
 Summon Small Mammal      Summ           92%        N/A       4%          1
 Petrify                  Tmut/Erth      58%        N/A       6%          4
 Ensorcelled Hibernation  Hex/Ice        46%        N/A       7%          2
 Scorch                   Fire           46%        2d7       7%          2
 Frozen Ramparts          Ice            46%        1d7       14%         3
 Summon Guardian Golem    Hex/Summ       23%        N/A       14%         3
 Swiftness                Air            23%        N/A       14%         3
 Vampiric Draining        Necr           23%        2d7       14%         3
 Freezing Cloud           Conj/Ice/Air   26%        6-21      24%         5
 Ice Form                 Ice/Tmut       25%        N/A       38%         4
 Anguish                  Hex/Necr       11%        N/A       43%         4
 Summon Ice Beast         Ice/Summ       23%        N/A       43%         4
 Agony                    Necr           23%        N/A       78%         5
 Spellforged Servitor     Conj/Summ      31%        N/A       97%         7
 Simulacrum               Ice/Necr       11%        N/A       100%        6
 Enfeeble                 Hex            11%        N/A       100%        7
 Polar Vortex             Ice            11%        N/A       100%        9


Dungeon Overview and Level Annotations

Branches:
Dungeon (15/15)            Temple (1/1) D:4            Lair (5/5) D:8
 Shoals (1/4) Lair:2       Spider (0/4) Lair:3        Slime (0/5) Lair:4
    Orc (2/2) D:12            Elf (0/3) Orc:2        Vaults (0/5) D:13
 Depths (0/4) D:15          IceCv (visited)

Altars:
Ashenzari
Cheibriados
Gozag
Hepliaklqana
Kikubaaqudgha
Makhleb
Qazlal
Sif Muna
Trog
Uskayaw
Vehumet
Zin
Jiyva

Shops:
D:2 !   D:9 *   Orc:2 [?(:

Portals:
Abyss: D:14

Annotations:
D:14 2 transporters, infcreate's ghost, journeyman DEHu


Innate Abilities, Weirdness & Mutations

You are immune to sickness and miasma.
Your stone body is resilient. (AC +11)
You are immune to poison.
Your large and strong wings let you fly.
You resist negative energy. (rN+)
You are resistant to electric shocks. (rElec)
You are resistant to unholy torment.
You are immune to petrification.


Message History

The manticore is almost dead.
The manticore is knocked back by the mystic blast.
The merfolk javelineer throws a javelin.
The javelin pierces through you!
The manticore flicks its tail.
The volley of spikes hits you but does no damage.
The merfolk javelineer throws a javelin.
The javelin barely misses you. You block the manticore's attack. x2
The manticore misses you.
Casting: Iskenderun's Mystic Blast (mildly dangerous; 1% risk of failure)
Confirm with . or Enter, or press ? or * to list all spells.
You erupt in a blast of force!
The mystic blast hits the merfolk impaler!
The merfolk impaler is heavily wounded.
The merfolk impaler is knocked back by the mystic blast.
The mystic blast hits the manticore!
The manticore is severely wounded.
The manticore is knocked back by the mystic blast.
The manticore slams into the stone wall!
The manticore is almost dead.
The manticore flicks its tail.
The volley of spikes hits you!
The barbed spikes become lodged in your body.
You block the merfolk impaler's attack. The manticore misses you. x2
The manticore completely misses you.
The merfolk javelineer throws a javelin.
The javelin pierces through you! You block the merfolk impaler's attack.
A merfolk comes into view. It is wielding a +0 trident.
As you read the scroll of teleportation, it crumbles to dust.
You feel strangely unstable.
The merfolk shouts!
The merfolk impaler hits you from afar with a +1 trident of freezing!
* * * LOW HITPOINT WARNING * * *
The merfolk impaler freezes you.
* * * LOW HITPOINT WARNING * * *
You block the manticore's attack. The manticore misses you.
You block the manticore's attack.
The merfolk javelineer throws a javelin.
The javelin pierces through you!!
You die...

~≈≈≈≈≈≈≈~~....##
##.~~## ~≈≈
~≈≈≈≈≈≈≈~...### .~~~#
~~ ≈≈≈≈≈≈≈≈≈.#######
##~..## ~ ≈≈≈≈≈≈≈≈~##
#..##≈....# ≈≈≈≈≈≈≈≈.#
#....# ~.# ≈≈≈≈≈≈~~.#
#...# ~~.# ≈≈≈≈≈≈~..#
##...##~~~# ≈≈≈≈≈~..##
#...HHmm~~# ≈≈≈≈≈~..#
##.~~@#
~≈≈≈≈~~.####.~~~#....#
~≈≈≈≈~~..#..~~~~#~m~~#
~≈≈≈≈~~~~~~~~~~~#≈~.~#
~~≈≈≈~~~~~~~~~~~##~~~#
.~~~~~.~~~~~~~~~~#~)~~#
.....)..~~~~~~~~~##~~~#
....~~~..~~~~~~~~# ~~.m
~~..~~~......~~~~~≈


You could see 2 merfolk impalers, a merfolk javelineer, a merfolk and 2
manticores.

Vanquished Creatures
  Gastronok (Lair:1)
  2 orc warlords (Orc:2)
  A stone giant (D:15)
  Azrael (D:14)
  Snorg (D:14)
  2 merfolk impalers (Shoals:1)
  2 merfolk javelineers (Shoals:1)
  A boulder beetle (D:14)
  3 hydras
  4 catoblepae
  8 two-headed ogres
  9 death yaks
  2 centaur warriors
  2 tengu warriors (D:15)
  4 orc high priests (Orc:2)
  A sea snake (Shoals:1)
  2 bog bodies (IceCv)
  4 harpies (Shoals:1)
  2 necromancers (D:13)
  4 orc knights (Orc:2)
  A deep elf pyromancer (D:12)
  9 ugly things
  7 orc sorcerers
  5 manticores
  A faun (Shoals:1)
  3 cyclopes
  14 elephants
  An ice statue (IceCv)
  A gargoyle (D:12)
  4 black mambas
  10 cane toads
  8 komodo dragons
  2 komodo dragons (shapeshifter)
  2 freezing wraiths
  3 rime drakes
  An unseen horror (D:11)
  An ice devil (IceCv)
  An anaconda simulacrum (IceCv)
  A meliai (Lair:3)
  7 trolls
  3 polar bears
  A merfolk (Lair:2)
  A wind drake (Shoals:1)
  9 slime creatures
  7 dream sheep (Lair:5)
  Sigmund (D:3)
  A shadow (D:12)
  45 yaks
  5 fire elementals (D:14)
  3 wyverns
  5 basilisks
  A vampire (D:11)
  4 wraiths
  2 death yak simulacra (IceCv)
  A steam dragon (D:7)
  A harpy simulacrum (IceCv)
  Menkaure (D:6)
  3 wargs
  An acid dragon (D:10)
  3 hydra simulacra (IceCv)
  Duvessa (D:7)
  3 hell hounds (D:14)
  35 orc warriors
  14 water moccasins
  3 ice beasts
  3 wolves (Lair:3)
  10 ogres
  14 centaurs
  3 kobold brigands
  A necrophage (D:7)
  5 gnoll sergeants
  10 bullfrogs
  2 scorpions
  6 two-headed ogre simulacra (IceCv)
  3 wights (D:7)
  Dowan (D:7)
  26 killer bees
  3 electric eels (Lair:3)
  2 elephant simulacra (IceCv)
  2 vampire bats (D:5)
  6 howler monkeys
  A hound (D:6)
  2 lava snakes (Lair:3)
  29 orc priests
  3 jellies
  2 gnoll boudas
  2 iguanas (D:5)
  15 orc wizards
  A hell rat (Lair:1)
  2 polar bear simulacra (IceCv)
  7 spriggan simulacra (IceCv)
  2 troll simulacra (IceCv)
  2 wolf simulacra (IceCv)
  29 gnolls
  6 adders
  2 river rats (Lair:1)
  4 naga simulacra (IceCv)
  2 shadow imps
  11 white imps
  An ufetubus (D:5)
  3 dart slugs
  88 orcs
  4 bat skeletons (D:5)
  3 bat zombies (D:5)
  6 endoplasms
  2 giant cockroaches
  12 hobgoblins
  7 jackals
  6 quokkas
  6 ball pythons
  3 bats
  3 frilled lizards
  6 goblins
  31 kobolds
  9 rats
701 creatures vanquished.

Vanquished Creatures (collateral kills)
  A shadow imp (D:8)
1 creature vanquished.

Vanquished Creatures (others)
  22 fungi
  78 plants
100 creatures vanquished.

Grand Total: 802 creatures vanquished

Notes
Turn   | Place    | Note
-------+----------+-------------------------------------------
     0 | D:1      | Ijustatesigmund the Gargoyle Earth Elementalist began the
                  | quest for the Orb.
     0 | D:1      | Reached XP level 1. HP: 10/10 MP: 3/3
   184 | D:1      | Reached XP level 2. HP: 11/15 MP: 1/5
   624 | D:1      | Reached XP level 3. HP: 17/19 MP: 1/6
   628 | D:1      | Learned a level 3 spell: Stone Arrow
  1061 | D:1      | Identified a scroll of acquirement
  1061 | D:1      | Acquired a +1 buckler of poison resistance
  1239 | D:2      | Reached skill level 1 in Conjurations
  1270 | D:2      | Found Vuqatz's Distillery.
  1446 | D:2      | Reached XP level 4. HP: 24/24 MP: 6/8
  1611 | D:2      | Bought a potion of curing for 42 gold pieces
  1710 | D:2      | Reached skill level 1 in Shields
  2024 | D:2      | Found a faded altar of an unknown god.
  2316 | D:2      | Found a glowing silver altar of Zin.
  2912 | D:3      | Noticed Sigmund
  2918 | D:3      | Killed Sigmund
  2919 | D:3      | Reached XP level 5. HP: 18/28 MP: 0/10
  2919 | D:3      | Reached XP level 6. HP: 22/33 MP: 0/11
  3200 | D:3      | Found a stormy altar of Qazlal.
  3212 | D:3      | Found a radiant altar of Vehumet.
  3495 | D:4      | Found a staircase to the Ecumenical Temple.
  3569 | D:4      | Reached skill level 1 in Fighting
  3580 | D:4      | Found a hazy altar of Hepliaklqana.
  3622 | D:4      | Found the +7 Kryia's mail coat {PotionHeal*2 rC+}
  4133 | D:4      | Reached XP level 7. HP: 40/40 MP: 1/13
  4945 | D:5      | Entered Level 5 of the Dungeon
  5128 | Temple   | Entered the Ecumenical Temple
  5138 | Temple   | Became a worshipper of Cheibriados the Contemplative
  5170 | D:5      | Reached skill level 1 in Invocations
  5342 | D:5      | Reached skill level 5 in Spellcasting
  5703 | D:5      | Found an opulent altar of Gozag.
  5724 | D:5      | Reached skill level 2 in Invocations
  5724 | D:5      | Reached XP level 8. HP: 45/45 MP: 7/15
  5840 | D:5      | Found a glowing silver altar of Zin.
  5872 | D:5      | Reached skill level 5 in Conjurations
  6280 | D:5      | Found an ancient bone altar of Kikubaaqudgha.
  6285 | D:5      | Reached * piety under Cheibriados
  6288 | D:5      | Reached skill level 1 in Maces & Flails
  6288 | D:5      | Reached skill level 3 in Invocations
  6577 | D:6      | Found the +3 crown of Dyrovepreva {rElec Int+2 SInv}
  6924 | D:6      | Noticed Menkaure
  6928 | D:6      | Killed Menkaure
  7098 | D:6      | Reached skill level 4 in Invocations
  7363 | D:6      | Reached XP level 9. HP: 44/49 MP: 7/18
  7657 | D:6      | Acquired a +0 eveningstar of holy wrath
  8086 | D:7      | Found a burning altar of Makhleb.
  8086 | D:7      | Noticed a green death
  8110 | D:7      | Reached ** piety under Cheibriados
  8533 | D:7      | Found a shimmering blue altar of Sif Muna.
  8533 | D:7      | Noticed Dowan
  8543 | D:7      | Killed Dowan
  8553 | D:7      | Acquired the +2 pair of boots of Majestic Lucidity {rC-
                  | Regen+ Dex+3}
  8769 | D:7      | Got Sif Muna's Directory of Pyromania
  8771 | D:7      | Noticed Duvessa
  8777 | D:7      | Killed Duvessa
  8778 | D:7      | Reached skill level 5 in Invocations
  8876 | D:7      | Found a bloodstained altar of Trog.
  9781 | D:8      | Found a hide-covered altar of Uskayaw.
  9795 | D:8      | Reached skill level 6 in Invocations
  9798 | D:8      | Reached XP level 10. HP: 24/56 MP: 3/20
 10439 | D:8      | Noticed a death yak
 10440 | D:8      | Found a staircase to the Lair.
 10440 | D:8      | Noticed a death yak
 10440 | D:8      | Noticed a death yak
 10578 | D:9      | Reached *** piety under Cheibriados
 10707 | D:9      | Found Iclid's Lightly-Used Armoury.
 10777 | D:9      | Reached **** piety under Cheibriados
 11062 | D:9      | Learned a level 4 spell: Iskenderun's Mystic Blast
 11193 | D:9      | Reached skill level 1 in Translocations
 11193 | D:9      | Reached skill level 7 in Invocations
 11341 | D:9      | Found a broken altar of Ashenzari.
 11796 | D:10     | Entered Level 10 of the Dungeon
 12607 | D:10     | Reached skill level 1 in Armour
 12610 | D:10     | Reached ***** piety under Cheibriados
 12611 | D:10     | Reached skill level 8 in Invocations
 12921 | D:10     | Reached XP level 11. HP: 56/62 MP: 23/23
 13715 | D:11     | Noticed a manticore
 13763 | D:11     | Killed a manticore
 14060 | D:11     | Noticed a cyclops
 14064 | D:11     | Killed a cyclops
 14537 | D:12     | Reached skill level 5 in Fighting
 14874 | D:12     | Noticed a deep elf pyromancer
 14943 | D:13     | Noticed a manticore
 14948 | D:13     | Killed a manticore
 14949 | D:13     | Reached skill level 9 in Invocations
 14960 | D:13     | Found a frozen archway.
 14982 | IceCv    | Entered an ice cave
 15149 | IceCv    | Learned a level 1 spell: Apportation
 16138 | IceCv    | Reached skill level 1 in Evocations
 16208 | IceCv    | Reached skill level 5 in Maces & Flails
 17038 | IceCv    | Noticed a bog body
 17038 | IceCv    | Noticed a bog body
 17048 | IceCv    | Killed a bog body
 17049 | IceCv    | Reached XP level 12. HP: 70/70 MP: 7/25
 17241 | IceCv    | Identified the +8 lajatang "Vurainur" {flame, Fly rElec rF+
                  | Int+2}
 17386 | D:13     | Reached ****** piety under Cheibriados
 17412 | D:13     | Noticed a centaur warrior
 17415 | D:13     | Killed a centaur warrior
 17423 | D:13     | Reached skill level 10 in Invocations
 17574 | D:13     | Identified the +1 ring mail "Heqoali" {rPois rCorr Dex+3}
 17624 | D:13     | Reached skill level 5 in Shields
 17862 | D:13     | Noticed a two-headed ogre
 17872 | D:13     | Killed a two-headed ogre
 17997 | D:13     | Found a gate to the Vaults.
 17997 | D:13     | Noticed a two-headed ogre
 18005 | D:13     | Killed a two-headed ogre
 18424 | D:14     | Noticed a centaur warrior
 18427 | D:14     | Noticed a four-headed hydra
 18430 | D:14     | Killed a centaur warrior
 18433 | D:14     | Killed a four-headed hydra
 18435 | D:14     | Noticed Azrael
 18626 | D:14     | Noticed a boulder beetle
 18662 | D:14     | Killed a boulder beetle
 18912 | D:14     | Noticed a catoblepas
 18922 | D:14     | Killed a catoblepas
 18923 | D:14     | Reached skill level 11 in Invocations
 18923 | D:14     | Reached XP level 13. HP: 40/76 MP: 26/26
 19126 | D:14     | Killed Azrael
 19127 | D:14     | Reached skill level 10 in Spellcasting
 19271 | D:14     | Reached skill level 10 in Conjurations
 19370 | D:14     | Noticed Snorg
 19661 | D:12     | HP: 3/114 [deep elf pyromancer/bolt of fire (29)]
 19847 | D:12     | Found a staircase to the Orcish Mines.
 20309 | Lair:1   | Entered Level 1 of the Lair of Beasts
 20881 | Lair:1   | Noticed Gastronok
 20894 | Lair:1   | Killed Gastronok
 21871 | Lair:2   | Found a staircase to the Shoals.
 22675 | Lair:3   | Reached skill level 12 in Invocations
 23072 | Lair:3   | Found a hole to the Spider Nest.
 23839 | Lair:4   | Gained mutation: Your large and strong wings let you fly.
                  | [Gargoyle growth]
 23839 | Lair:4   | Reached XP level 14. HP: 81/84 MP: 8/28
 24625 | Lair:4   | Found a viscous altar of Jiyva.
 24625 | Lair:4   | Found a staircase to the Slime Pits.
 24794 | Lair:5   | Entered Level 5 of the Lair of Beasts
 25557 | Lair:5   | Reached skill level 5 in Earth Magic
 25870 | Lair:5   | Reached skill level 13 in Invocations
 27656 | Orc:1    | Entered Level 1 of the Orcish Mines
 27683 | Orc:2    | Entered Level 2 of the Orcish Mines
 29100 | Orc:2    | Reached XP level 15. HP: 85/89 MP: 25/30
 30029 | Orc:2    | Noticed an orc warlord
 30220 | Orc:2    | Reached skill level 14 in Invocations
 30484 | Orc:2    | Found a staircase to the Elven Halls.
 30764 | Orc:2    | Killed an orc warlord
 30919 | Orc:2    | Reached skill level 5 in Dodging
 30923 | Orc:2    | Found Vonliaveli's Antique Armour Shoppe.
 31581 | Orc:2    | Found Elew's Magic Scroll Shop.
 31661 | Orc:2    | Bought a scroll of magic mapping for 75 gold pieces
 31661 | Orc:2    | Bought 3 scrolls of teleportation for 90 gold pieces
 31752 | Orc:2    | Found Pow Rute's Antique Weapon Shoppe.
 31805 | Orc:2    | Found Deechom's Book Emporium.
 31805 | Orc:2    | Noticed an orc warlord
 31820 | Orc:2    | Killed an orc warlord
 31912 | Orc:2    | Bought a book of Dangerous Friends for 600 gold pieces
 31921 | Orc:2    | Learned a level 7 spell: Orb of Destruction
 32528 | D:14     | Found a broken altar of Ashenzari.
 32850 | D:14     | Killed Snorg
 33108 | D:14     | Found a transporter.
 33125 | D:14     | Found a one-way gate to the infinite horrors of the Abyss.
 33125 | D:14     | Noticed infcreate's ghost (journeyman DEHu)
 33127 | D:14     | Noticed a tentacled starspawn
 33139 | D:14     | Found a transporter.
 33332 | D:15     | Entered Level 15 of the Dungeon
 33732 | D:15     | Identified the +0 robe of Junkylla {rC+}
 33766 | D:15     | Identified the ring of the Rabble {Fly rN+ Dex+4}
 33839 | D:15     | Found a staircase to the Depths.
 34982 | Shoals:1 | Entered Level 1 of the Shoals
 35265 | Shoals:1 | Reached skill level 15 in Invocations
 35533 | Shoals:1 | Hit by a javelin thrown by a merfolk javelineer

Illustrated notes

Levels and vault maps discovered:
D:1:      psy_arrival_terrarium, layout_basic
D:2:      layout_loops_ring, serial_shops, nicolae_shop_stone, basic_altar,
          shapermc_ecumenical_altar_rom_forum, minmay_tiny_reverse_x
D:3:      layout_basic, chequers_temple_overflow_statue_of_worship, uniq_sigmund
D:4:      kennysheep_kobold_camp, layout_cave_pools,
          nicolae_overflow_crystal_walls, minmay_temple_entry_ruins,
          st_stairs_12
D:5:      layout_basic, pdpol_temple_overflow_zin_treasury_gozag_greed,
          kennysheep_vampire_church, hangedman_decor_push,
          hangedman_abyss_or_decor_slice, skrybe_limestone_x
D:6:      layout_rooms, uniq_menkaure
D:7:      layout_basic, nzn_overflow_gifts_of_might_and_magic,
          makhleb_altar_promises_db
D:8:      layout_loops_corners, nicolae_uskayaw_murder_on_the_dancefloor,
          dpeg_lair_monsters
D:9:      layout_cave_pools, mainiacjoe_overflow_catwalk, fountainhead,
          hangedman_glass_teeth, minmay_shop_damaged
D:10:     layout_loops_ring
D:11:     layout_gridville
D:12:     layout_roguey, orc_0_dummy
D:13:     layout_loops_ring, david_vaults_1, portal_ice_cave_rime
D:14:     layout_long_grid, gammafunk_ghost_abyssal_escape,
          dreamdust_wishing_well, ashenzari_altar_1, uniq_azrael, uniq_snorg
D:15:     grunt_enter_depths_giant_problem, layout_cave_pods,
          serial_park_avenue1, nicolae_benzene_ring
Temple:   bh_familiar_temple
Lair:1:   layout_hall_layers, kennysheep_abandoned_house, grunt_megastairs_3,
          serial_bayou_shore_b, uniq_gastronok
Lair:2:   layout_gridlike, elwin_shoals_entry_rooms, grunt_megastairs_1
Lair:3:   layout_long_grid, hellmonk_spider_entry_not_the_bees,
          grunt_forest_small_clearings, chequers_serial_rivers_small_3,
          nicolae_lair_liquid_snakes
Lair:4:   layout_regular_city, dpeg_slime_entry_enclosed
Lair:5:   evilmike_catoblepas_cave, layout_cave_pods, serial_bayou_shore_b
Shoals:1: layout_shoals, gammafunk_ghost_wrathful_warriors,
          nicolae_shoals_pincushion_passage
Orc:1:    layout_diamond_mine, basic_altar, mines2_lemuel
Orc:2:    pubby_orc_utopia

Skill      XL: |  1  2  3  4  5  6  7  8  9 10 11 12 13 14 15 |
---------------+----------------------------------------------+-----
Earth Magic    | 4 7 9 |  9.3
Conjurations   | 1 3 4 6 7 8 9 11 12 | 12.3
Shields        | 2 3 6 7 |  7.8
Spellcasting   | 3 4 5 6 7 8 9 10 11 | 11.8
Fighting       | 2 3 4 6 8 9 |  9.7
Invocations    | 2 4 6 8 9 11 12 13 15 | 15.0
Maces & Flails | 2 4 5 6 7 |  7.6
Translocations | 3 4 |  4.3
Armour         | 1 3 |  3.7
Evocations     | 2 3 |  3.1
Dodging        | 4 5 |  5.4
Stealth        | |  2.1
Transmutations | |  0.7

Action                   |  1- 3 |  4- 6 |  7- 9 | 10-12 | 13-15 || total
-------------------------+-------+-------+-------+-------+-------++-------
Melee: Whip              |    20 |       |       |       |       ||    20
       Flail             |    10 |     6 |    50 |       |       ||    66
       Eveningstar       |       |       |    65 |   182 |   688 ||   935
 Cast: Sandblast         |    41 |    82 |    34 |    23 |     4 ||   184
       Stone Arrow       |       |     4 |    88 |   161 |   150 ||   403
       Iskenderun's Myst |       |       |       |    35 |   178 ||   213
Invok: Slouch            |       |       |       |     4 |     2 ||     6
Evoke: Wand              |       |     1 |     2 |    26 |    22 ||    51
  Use: Scroll            |     2 |     7 |    16 |     8 |     8 ||    41
       Potion            |       |       |     3 |    11 |     9 ||    23
 Stab: Sleeping          |       |       |     1 |       |    13 ||    14
       Invisible         |       |       |       |     5 |     2 ||     7
       Paralysed         |       |       |       |     7 |       ||     7
       Petrified         |       |       |       |       |     7 ||     7
       Petrifying        |       |       |       |       |     1 ||     1
       Distracted        |       |       |       |       |     1 ||     1
Armor: Robe              |    16 |     8 |    74 |    73 |       ||   171
       Acid dragon scale |       |       |       |    49 |   338 ||   387
Dodge: Dodged            |    36 |    23 |   112 |   238 |   451 ||   860
Block: Buckler           |     3 |     8 |    75 |   129 |       ||   215
       Kite shield       |       |       |       |    72 |   838 ||   910
